 Dungeon Crawl Stone Soup version 0.28.0-53-g5a82cb258f (webtiles) character file.

Game seed: 7228877984301654270

40 pkoi the Ruffian (level 3, -1/30 HPs)
             Began as a Demigod Fighter on June 2, 2022.
             Succumbed to a goblin's poison
             ... on level 3 of the Dungeon.
             The game lasted 00:03:18 (2381 turns).

pkoi the Ruffian (Demigod Fighter)                  Turns: 2381, Time: 00:03:19

Health: -1/30      AC:  6    Str: 15 (17) XL:     3   Next: 14%
Magic:  5/5        EV: 10    Int: 13 (14) God:
Gold:   83         SH:  5    Dex: 12 (13) Spells: 2/2 levels left

rFire   . . .      SeeInvis .   e - +0 dagger
rCold   . . .      Faith    .   b - +1 buckler
rNeg    . . .      Spirit   .   o - +2 robe {Will+}
rPois   .          Reflect  .   (no helmet)
rElec   .          Harm     .   (no cloak)
rCorr   .          Rampage  .   f - +0 pair of gloves
Will    +....                   l - +0 pair of boots
Stlth   +.........              (no amulet)
HPRegen 0.10/turn               (no ring)
MPRegen 0.09/turn               (no ring)

@: mighty, lethally poisoned (-1 -> -11)
A: high MP 1, forlorn, divine attributes
a: no special abilities


You were on level 3 of the Dungeon.
You visited 1 branch of the dungeon, and saw 3 of its levels.

You collected 83 gold pieces.

Inventory:

Hand Weapons
 d - a +0 trident
 e - a +0 dagger (weapon)
Missiles
 g - 4 poisoned darts (quivered)
Armour
 a - a +0 scale mail
 b - a +1 buckler (worn)
 f - a +0 pair of gloves (worn)
 l - a +0 pair of boots (worn)
 o - a +2 robe of willpower (worn)
Jewellery
 j - a ring of ice
Wands
 n - a wand of mindburst (6)
Scrolls
 h - 2 scrolls of identify {unknown}
 k - 3 scrolls of fog {unknown}
 m - a scroll of magic mapping
 p - a scroll of fear {unknown}


   Skills:
 - Level 2.6 Fighting
 - Level 2.6 Armour
 - Level 2.6 Shields
 + Level 3.4 Unarmed Combat


You had 2 spell levels left.
You didn't know any spells.
Your spell library was empty.

Dungeon Overview and Level Annotations

Branches:
Dungeon (3/15)


Innate Abilities, Weirdness & Mutations

You have an increased reservoir of magic. (+10% MP)
You shall have no god before yourself.
Your divine heritage dramatically boosts your attributes as you level up.


Message History

The gnoll hits you from afar with a +0 spear.
* * * LOW HITPOINT WARNING * * *
You block the goblin's attack.
You closely miss the goblin. You block the gnoll's attack.
The goblin barely misses you.
You miss the goblin.
The gnoll hits you from afar with a +0 spear.
* * * LOW HITPOINT WARNING * * *
The goblin hits you with a +2 dagger of venom.
* * * LOW HITPOINT WARNING * * *
You are poisoned.
You hit the goblin.
The goblin is severely wounded.
You feel very sick.
The goblin hits you with a +2 dagger of venom.
* * * LOW HITPOINT WARNING * * *
The gnoll hits you from afar with a +0 spear.
* * * LOW HITPOINT WARNING * * *
Unknown command.
* * * LOW HITPOINT WARNING * * *
You feel sick.
A gnoll comes into view. It is wielding a +0 halberd.
* * * LOW HITPOINT WARNING * * *
You feel sick. The dart slug closely misses you.
* * * LOW HITPOINT WARNING * * *
You feel sick.
The gnoll shouts!
It was a potion of degeneration.
There was something very wrong with that liquid.
You feel weakened.
You feel dopey.
You feel clumsy.
* * * LOW HITPOINT WARNING * * *
You feel sick.
The goblin hits you with a +2 dagger of venom.
* * * LOW HITPOINT WARNING * * *
You are more poisoned.
The gnoll hits you but does no damage.
A gnoll comes into view. It is wielding a +0 flail.
The gnoll closely misses you.
You feel very mighty all of a sudden.
You die...

######### #######.......#
#.).gg@.#####.#
###.##g##.#####.#######
#....g.†..........<...#
#......##.##.#####.#####.#
#.....g#.#####.......###...##
#.#.##.#.. ..########.###.##
# # .....) ### ##.##..(.#
##.#.### #.##...... #.#..
#.##......


You could see 3 gnolls and 2 goblins.

Vanquished Creatures
  2 dart slugs (D:1)
  2 endoplasms
  4 goblins
  3 hobgoblins
  3 quokkas (D:1)
  3 ball pythons (D:2)
  A bat (D:1)
  6 frilled lizards
  6 kobolds
  6 rats
36 creatures vanquished.

Notes
Turn   | Place    | Note
-------+----------+-------------------------------------------
     0 | D:1      | pkoi the Demigod Fighter began the quest for the Orb.
     0 | D:1      | Reached XP level 1. HP: 18/18 MP: 3/3
    64 | D:1      | Reached skill level 2 in Unarmed Combat
   549 | D:1      | Reached XP level 2. HP: 20/25 MP: 4/4
  1144 | D:1      | Reached skill level 3 in Unarmed Combat
  2011 | D:2      | Reached XP level 3. HP: 27/30 MP: 5/5
  2380 | D:3      | HP: 1/30 [goblin/+2 dagger of venom (2)]
  2381 | D:3      | Succumbed to a goblin's poison

Illustrated notes

Levels and vault maps discovered:
D:1:      saegor_arrival_simple_c, layout_basic
D:2:      layout_rooms, ebering_ecumenical_altar_hall,
          wander_ebering_terrifying_dragon_lair
D:3:      kennysheep_slugbush, layout_loops_cross, kennysheep_nondescript

Skill      XL: |  1  2 |
---------------+-------+-----
Unarmed Combat | 2 3 |  3.4
Fighting       | |  2.6
Armour         | |  2.6
Shields        | |  2.6

Action                   || total
-------------------------++-------
Melee: Dagger            ||   181
       Unarmed           ||    12
  Use: Scroll            ||     2
       Potion            ||     2
Armor: Scale mail        ||    41
       Robe              ||    15
Dodge: Dodged            ||    63
Block: Buckler           ||    47
